 Dungeon Crawl Stone Soup version 0.29-a0-284-gf9362112df (webtiles) character file.

Game seed: 11854031655328334584

44 cheechan the Magician (level 3, 0/25 HPs)
             Began as a Djinni Conjurer on Mar 29, 2022.
             Slain by a kobold
             ... wielding a +3 dagger of freezing
              (1 damage)
             ... on level 2 of the Dungeon.
             The game lasted 00:04:42 (1555 turns).

cheechan the Magician (Djinni Conjurer)             Turns: 1555, Time: 00:04:43

Health: 0/25       AC:  2    Str:  6    XL:     3   Next: 85%
Gold:   45         EV: 12    Int: 19    God:
                   SH:  0    Dex: 13

rFire   + + .      SeeInvis .   c - staff of conjuration
rCold   x . .      Faith    .   (no shield)
rNeg    . . .      Spirit   .   a - +0 robe
rPois   ∞          Reflect  .   (no helmet)
rElec   .          Harm     .   (no cloak)
rCorr   .          Rampage  .   (no gloves)
Will    .....                   (boots unavailable)
Stlth   ++........              (no amulet)
HPRegen 0.08/turn               (no ring)
MPRegen 0.00/turn               (no ring)

@: flying
A: sickness immunity, fire resistance 2, cold vulnerability 1, float, innate
caster, HP casting, extra vitality 1
a: no special abilities


You were on level 2 of the Dungeon.
You visited 1 branch of the dungeon, and saw 2 of its levels.

You collected 45 gold pieces.

Inventory:

Hand Weapons
 g - a +2 dagger of venom
Missiles
 b - 81 stones
Armour
 a - a +0 robe (worn)
Magical Staves
 c - a staff of conjuration (weapon)
Scrolls
 e - a scroll of magic mapping {unknown}
Potions
 d - a potion of brilliance {unknown}
 f - a potion of heal wounds {unknown}


   Skills:
 + Level 2.2 Dodging
 + Level 2.1 Stealth
 + Level 3.9 Spellcasting


You couldn't memorise any spells.
You knew the following spells:

 Your Spells              Type           Power      Damage    Failure   Level
a - Magic Dart            Conj           100%       1d8       2%          1
b - Searing Ray           Conj           56%        2d6       4%          2
c - Dazzling Flash        Conj/Hex       56%        N/A       9%          3
d - Fulminant Prism       Conj/Hex       14%        3d9       26%         4
e - Iskenderun's Mystic   Conj/Tloc      28%        2d7       26%         4
f - Pain                  Necr           72%        1d7       2%          1
Your spell library was empty.

Dungeon Overview and Level Annotations

Branches:
Dungeon (2/15)

Altars:


Innate Abilities, Weirdness & Mutations

You are immune to sickness and miasma.
You are immune to poison.
Your flesh is very heat resistant. (rF++)
You are vulnerable to cold. (rC-)
You float through the air rather than walking.
You learn spells naturally, not from books.
Your magical power is your life essence.
You have superior vitality. (+4 MHP)


Message History

You feel a surge of power!
The magic dart hits the rat.
The rat is heavily wounded.
The rat closely misses you.
The kobold hits you with a +3 dagger of freezing.
The kobold freezes you. The hobgoblin hits you.
Casting: Magic Dart (safe; 2% risk of failure)
Confirm with . or Enter, or press ? or * to list all spells.
Aiming: Magic Dart (safe; 2% risk of failure)
Press: ? - help, Shift-Dir - straight line, f/p - rat
Aim: a rat (heavily wounded, 100% to hit)
You feel a surge of power!
The magic dart hits the rat but does no damage.
The rat is heavily wounded.
* * * LOW HITPOINT WARNING * * *
The rat barely misses you. The kobold closely misses you.
The hobgoblin hits you.
* * * LOW HITPOINT WARNING * * *
Okay, then.
Okay, then.
Casting: Magic Dart (safe; 2% risk of failure)
Confirm with . or Enter, or press ? or * to list all spells.
Aiming: Magic Dart (safe; 2% risk of failure)
Press: ? - help, Shift-Dir - straight line, f/p - rat
Aim: a rat (heavily wounded, 100% to hit)
You feel a surge of power!
The magic dart hits the rat.
You kill the rat!
* * * LOW HITPOINT WARNING * * *
The kobold barely misses you. The hobgoblin barely misses you.
Casting: Magic Dart (safe; 2% risk of failure)
Confirm with . or Enter, or press ? or * to list all spells.
Aiming: Magic Dart (safe; 2% risk of failure)
Press: ? - help, Shift-Dir - straight line, f - kobold
Aim: a kobold, wielding a +3 dagger of freezing (100% to hit)
You feel a surge of power!
The magic dart hits the kobold but does no damage.
* * * LOW HITPOINT WARNING * * *
The kobold hits you with a +3 dagger of freezing.
* * * LOW HITPOINT WARNING * * *
The kobold freezes you.
You die...

#.............#
###....#
#.############# #####.
#.############### #.
#.##.)..........#
######.
#.##............#
#......
#######.##............#
#..)...
........##............#
#......
...............†K.....#
#######
...............@g.....#
>.....................#
......................#
+######...............#
# +...............# #
#...........<...# #
#.##............# #
#.###+########### #


You could see a hobgoblin and a kobold.

Vanquished Creatures
  An adder (D:2)
  3 bats (D:2)
  2 endoplasms
  2 giant cockroaches
  4 goblins
  3 hobgoblins
  4 jackals (D:1)
  A kobold (D:1)
  A quokka (D:2)
  4 ball pythons (D:1)
  2 frilled lizards (D:1)
  3 rats
30 creatures vanquished.

Notes
Turn   | Place    | Note
-------+----------+-------------------------------------------
     0 | D:1      | cheechan the Djinni Conjurer began the quest for the Orb.
     0 | D:1      | Reached XP level 1. HP: 15/15 MP: 0/0
   230 | D:1      | Reached XP level 2. HP: 11/21 MP: 0/0
   937 | D:1      | Reached XP level 3. HP: 21/25 MP: 0/0
   937 | D:1      | Learned a level 1 spell: Pain
  1325 | D:2      | Found a faded altar of an unknown god.
  1555 | D:2      | HP: 1/25 [kobold/+3 dagger of freezing (3)]
  1555 | D:2      | Slain by a kobold

Illustrated notes

Levels and vault maps discovered:
D:1:      tarquinn_simple_flora_water_f, layout_basic
D:2:      layout_basic, chequers_ecumenical_altar_simple

Skill      XL: |  1  2  3 |
---------------+----------+-----
Stealth        | 2 |  2.1
Dodging        | |  2.2
Spellcasting   | |  3.9

Action                   || total
-------------------------++-------
Melee: Staff             ||    12
 Cast: Magic Dart        ||    58
       Searing Ray       ||     1
 Stab: Sleeping          ||     1
Armor: Robe              ||     6
Dodge: Dodged            ||    22

Table legend: (Time is in decaauts)
 A = Elapsed time spent in this place.
 B = Non-inter-level travel time spent in this place.
 C = Inter-level travel time spent in this place.
 D = Time resting spent in this place.
 E = Time spent auto-exploring this place.
 F = Levels seen in this place.
 G = Mean time per level.
                   A        B        C        D        E       F      G
               +--------+--------+--------+--------+--------+-----+--------+
         Total |   1556 |   1556 |      0 |    133 |      0 |   2 |  778.0 |
       Dungeon |   1556 |   1556 |      0 |    133 |      0 |   2 |  778.0 |
               +--------+--------+--------+--------+--------+-----+--------+

Top non-repeatable levels by time:
     D:1: 1016 daAuts
     D:2: 539 daAuts
